 Dungeon Crawl Stone Soup version 0.30.0-29-ga12c61a403 (webtiles) character file.

Game seed: 4398948490347735980

35 chickenninja42 the Trooper (level 3, -2/33 HPs)
             Began as a Minotaur Chaos Knight on June 10, 2023.
             Was a Plaything of Xom.
             Splashed by Terence the jelly's acid (9 damage)
             ... on level 2 of the Dungeon.
             The game lasted 00:07:50 (830 turns).

chickenninja42 the Trooper (Minotaur Chaos Knight)   Turns: 830, Time: 00:07:50

Health: -2/33      AC:  0    Str: 18    XL:     3   Next: 16%
Magic:  2/2        EV: 11    Int:  9    God:    Xom [.*....]
Gold:   94         SH:  0    Dex:  9    Spells: 2/2 levels left

rFire   . . .        a - +0 hand axe (chaos)
rCold   . . .        (no shield)
rNeg    . . .        d - +2 leather armour
rPois   .            (helmet restricted)
rElec   .            (no cloak)
rCorr   .            (no gloves)
SInv    .            f - +2 pair of boots
Will    .....        (no amulet)
Stlth   +            (no ring)
HPRegen 0.25/turn    (no ring)
MPRegen 0.08/turn

%: no passive effects
@: corroded
A: horns 2, retaliatory headbutt
a: Renounce Religion


You were on level 2 of the Dungeon.
You worshipped Xom.
You were a plaything of Xom.
You visited 1 branch of the dungeon, and saw 2 of its levels.

You collected 94 gold pieces.

Inventory:

Hand Weapons
 a - a +0 hand axe of chaos (weapon)
 b - a +0 sling
Missiles
 g - 4 stones
 i - 5 poisoned darts
Armour
 d - a +2 leather armour (worn)
 f - a +2 pair of boots (worn)
Scrolls
 e - a scroll of noise {unknown}
 h - a scroll of brand weapon {unknown}
 j - a scroll of silence {unknown}
Miscellaneous
 c - a piece from Xom's chessboard (15/15) (quivered)


   Skills:
 * Level 4.2 Fighting
 + Level 3.9 Axes
 + Level 1.0 Ranged Weapons
 + Level 0.9 Throwing
 + Level 2.9 Armour
 - Level 1.1 Dodging


You had 2 spell levels left.
You didn't know any spells.
Your spell library was empty.

Dungeon Overview and Level Annotations

Branches:
Dungeon (2/15)

Altars:

Annotations:
D:2 Terence


Innate Abilities, Weirdness & Mutations

You have a pair of horns on your head.
You reflexively headbutt those who attack you in melee.


Message History

You shoot a sling bullet. The sling bullet hits Terence.
Terence is lightly wounded.
You shoot a sling bullet.
The sling bullet hits Terence but does no damage.
Terence is lightly wounded.
Your +0 hand axe of chaos is briefly surrounded by a scintillating aura of random colours.
a - a +0 hand axe of chaos (weapon)
Terence barely misses you. You furiously retaliate!
You headbutt Terence! You closely miss Terence.
Terence is heavily wounded.
Terence barely misses you. You furiously retaliate!
You headbutt Terence, but do no damage. You closely miss Terence.
You headbutt Terence!
Terence is almost dead.
Terence hits you with a +0 morningstar.
You closely miss Terence.
Terence is almost dead.
Xom's power touches on a nearby monster.
Terence evaporates and reforms as a jelly!
Terence hits you but does no damage.
You hit Terence. The acid corrodes you!
Your hands burn!
Terence is heavily wounded.
Terence hits you. The acid corrodes you!
You are splashed with acid!
You are too injured to fight recklessly!
You are too injured to fight recklessly!
You are too injured to fight recklessly!
Press: ? - help, v - describe, . - travel, g - get item
Here: Terence the jelly (heavily wounded)
Items here: a +0 morningstar; a +0 scale mail.
The floor.
You are too injured to fight recklessly!
Terence hits you.
You are splashed with acid!
You hit Terence.
Your hands burn!
* * * LOW HITPOINT WARNING * * *
Terence is almost dead.
Terence hits you.
* * * LOW HITPOINT WARNING * * *
You are splashed with acid!
You die...
Xom bursts into laughter!

#..# #..##.#
#..##.# #..##.#
#..##.# ##########
#..##.# ..........
#..##.#
....########..##J#
....'...........@#
....####.......###
.......+.......+
########.......#
#.......#
#.......#
#.......#
#.......#
#.......#


You could see Terence the jelly.

Vanquished Creatures
  4 bats
  2 endoplasms (D:1)
  2 giant cockroaches (D:1)
  5 goblins (D:1)
  5 hobgoblins (D:1)
  A quokka (D:1)
  2 ball pythons (D:1)
  4 frilled lizards (D:1)
  3 kobolds (D:1)
  2 rats (D:1)
30 creatures vanquished.

Notes
Turn   | Place    | Note
-------+----------+-------------------------------------------
     0 | D:1      | chickenninja42 the Minotaur Chaos Knight began the quest
                  | for the Orb.
     0 | D:1      | Reached XP level 1. HP: 19/19 MP: 0/0
    70 | D:1      | XOM: silly message
    71 | D:1      | Found a faded altar of an unknown god.
    90 | D:1      | Reached XP level 2. HP: 16/27 MP: 1/1
   142 | D:1      | XOM: silly message
   170 | D:1      | XOM: silly message
   318 | D:1      | Reached skill level 4 in Fighting
   426 | D:1      | Reached skill level 1 in Ranged Weapons
   426 | D:1      | Reached XP level 3. HP: 33/33 MP: 2/2
   821 | D:2      | Noticed Terence
   827 | D:2      | Terence changed into Terence the jelly
   827 | D:2      | Noticed Terence
   827 | D:2      | XOM: polymorph Terence -> Terence the jelly
   830 | D:2      | Splashed by Terence the jelly's acid

Illustrated notes

Levels and vault maps discovered:
D:1:      minmay_arrival_four_circles, layout_loops_ring,
          hellmonk_ecumenical_altar_blasted
D:2:      layout_basic, uniq_terence, uniq_robin

Skill      XL: |  1  2 |
---------------+-------+-----
Fighting       | 4 |  4.2
Ranged Weapons | 1 |  1.0
Axes           | |  3.9
Throwing       | |  0.9
Armour         | |  2.9
Dodging        | |  1.1

Action                     || total
---------------------------++-------
  Melee: Hand axe          ||    25
         Headbutt          ||     4
   Fire: Sling             ||    49
 Armour: Leather armour    ||    11
  Dodge: Dodged            ||    23
